 Dungeon Crawl Stone Soup version 0.27.1 (webtiles) character file.

Game seed: 3391666634722442241

227 Atelerd the Digger (level 6, 0/36 HPs)
             Began as an Octopode Earth Elementalist on Sept 1, 2021.
             Slain by an orc wizard (2 damage)
             ... on level 3 of the Dungeon.
             The game lasted 00:01:48 (3367 turns).

Atelerd the Digger (Octopode Earth Elementalist)    Turns: 3367, Time: 00:01:49

Health: 0/36       AC:  1    Str:  7    XL:     6   Next: 2%
Magic:  2/11       EV: 13    Int: 20    God:
Gold:   72         SH:  0    Dex: 12    Spells: 7/12 levels left

rFire    . . .     SeeInvis .   g - +0 dagger
rCold    + . .     Faith    .   (no shield)
rNeg     . . .     Spirit   .   (helmet restricted)
rPois    .         Reflect  .   (no amulet)
rElec    .         Harm     .   m - ring of protection from cold
rCorr    .         Rampage  .   (no ring)
Will     .....                  (no ring)
Stlth    +++.......             (no ring)
HPRegen  0.12/turn              (no ring)
MPRegen  0.12/turn              (no ring)
                                (no ring)
                                (no ring)

@: no status effects
A: almost no armour, amphibious, 8 rings, camouflage 1, gelatinous body 1,
(nimble swimmer 1), tentacles
a: no special abilities


You were on level 3 of the Dungeon.
You visited 1 branch of the dungeon, and saw 3 of its levels.

You collected 72 gold pieces.

Inventory:

Hand Weapons
 g - a +0 dagger (weapon)
Missiles
 b - 76 stones
Jewellery
 m - a ring of protection from cold (left tentacle)
Scrolls
 a - a scroll of enchant weapon {unknown}
 d - a scroll of enchant armour {unknown}
 e - a scroll of fear {unknown}
 f - 2 scrolls of fog {unknown}
 h - 3 scrolls of identify {unknown}
 j - a scroll of blinking {unknown}
 o - a scroll of silence {unknown}
 p - a scroll of holy word {unknown}
Potions
 c - a potion of cancellation {unknown}
 i - a potion of lignification {unknown}
 k - a potion of curing {unknown}
 l - a potion of brilliance {unknown}
 n - a potion of flight {unknown}
 q - a potion of attraction {unknown}


   Skills:
 - Level 2.0 Dodging
 - Level 2.6 Stealth
 + Level 3.6 Spellcasting
 - Level 3.0 Transmutations
 + Level 4.6 Earth Magic


You had 7 spell levels left.
You knew the following spells:

 Your Spells              Type           Power      Damage    Failure   Level
a - Sandblast             Erth           44%        2d11      1%          1
p - Petrify               Tmut/Erth      18%        N/A       28%         4

Your spell library contained the following spells:

 Spells                   Type           Power      Damage    Failure   Level
 Passwall                 Tmut/Erth      15%        N/A       4%          2
 Animate Skeleton         Necr           6%         N/A       14%         1
 Apportation              Tloc           6%         N/A       14%         1
 Corona                   Hex            3%         N/A       14%         1
 Summon Small Mammal      Summ           12%        N/A       14%         1
 Stone Arrow              Conj/Erth      24%        3d8       16%         3


Dungeon Overview and Level Annotations

Branches:
Dungeon (3/15)

Altars:


Innate Abilities, Weirdness & Mutations

You cannot wear most types of armour.
You are amphibious.
You can wear up to eight rings at the same time.
Your skin changes colour to match your surroundings (Stealth+).
Your rubbery body absorbs attacks. (AC +1, EV +1)
((You are camouflaged near water. (Stealth+)))
You have tentacles for arms and can constrict up to eight enemies at once.


Message History

Casting: Sandblast (safe; 1% risk of failure)
Confirm with . or Enter, or press ? or * to list all spells.
Aiming: Sandblast (safe; 1% risk of failure)
Press: ? - help, Shift-Dir - straight line, f - orc
Aim: an orc, wielding a +0 mace and wearing a +0 chain mail (86% to hit)
The blast of sand hits the orc!
You kill the orc!
Something hits you but does no damage.
Casting: Sandblast (safe; 1% risk of failure)
Confirm with . or Enter, or press ? or * to list all spells.
You can't see any susceptible monsters within range! (Use Z to cast anyway.) Unknown command.
Casting: Sandblast (safe; 1% risk of failure)
Confirm with . or Enter, or press ? or * to list all spells.
You can't see any susceptible monsters within range! (Use Z to cast anyway.) Unknown command.
Casting: Sandblast (safe; 1% risk of failure)
Confirm with . or Enter, or press ? or * to list all spells.
You can't see any susceptible monsters within range! (Use Z to cast anyway.) Unknown command.
Casting: Sandblast (safe; 1% risk of failure)
Confirm with . or Enter, or press ? or * to list all spells.
You can't see any susceptible monsters within range! (Use Z to cast anyway.)
You barely miss something. Something hits you.
You closely miss something. You squeeze something. Something hits you.
You hit something but do no damage.
You hear some strange, mumbled words.
A magic dart appears from out of thin air!
The magic dart hits you!
You hit something but do no damage.
You hear some strange, mumbled words.
A puff of flame appears from out of thin air!
The puff of flame hits you!
* * * LOW HITPOINT WARNING * * *
Casting: Sandblast (safe; 1% risk of failure)
Confirm with . or Enter, or press ? or * to list all spells.
Aiming: Sandblast (safe; 1% risk of failure)
Press: ? - help, Shift-Dir - straight line Something hits you.
You die...

###.....#####.#.#
##...#######...#.#
##).### #....###.##
#.)## #....# ..# ..##
#[...# .# #.###
###....####.# ### #...#
#.......)...#...#
#..o.....#.......)......
..#.######..#...@{......
###... #.##....)......
##.# #. #........... ..#
.. ##.......... ....#
##...##...# ##. #####
####


There were no monsters in sight!

Vanquished Creatures
  An orc priest (D:3)
  Crazy Yiuf (D:2)
  Jessica (D:2)
  An iguana (D:3)
  A scorpion zombie (D:3)
  4 adders
  3 dart slugs (D:1)
  6 orcs (D:3)
  6 bats
  2 endoplasms
  A giant cockroach (D:1)
  4 hobgoblins
  4 kobolds
  2 quokkas
  5 ball pythons
  4 frilled lizards (D:1)
  2 goblins
  3 rats (D:1)
51 creatures vanquished.

Notes
Turn   | Place    | Note
-------+----------+-------------------------------------------
     0 | D:1      | Atelerd the Octopode Earth Elementalist began the quest for
                  | the Orb.
     0 | D:1      | Reached XP level 1. HP: 11/11 MP: 3/3
   204 | D:1      | Reached XP level 2. HP: 9/17 MP: 5/5
  1158 | D:1      | Found a faded altar of an unknown god.
  1167 | D:1      | Reached XP level 3. HP: 19/21 MP: 6/6
  1792 | D:2      | Found a runed translucent door.
  1793 | D:2      | Noticed Crazy Yiuf
  2022 | D:2      | Noticed Jessica
  2033 | D:2      | Killed Jessica
  2034 | D:2      | Reached XP level 4. HP: 27/27 MP: 2/8
  2613 | D:2      | Killed Crazy Yiuf
  2696 | D:3      | Reached skill level 4 in Earth Magic
  2696 | D:3      | Reached XP level 5. HP: 21/31 MP: 6/9
  3341 | D:3      | Learned a level 4 spell: Petrify
  3359 | D:3      | Reached XP level 6. HP: 36/36 MP: 6/11
  3367 | D:3      | Slain by an orc wizard

Illustrated notes

Levels and vault maps discovered:
D:1:      roderic_crossed_star, layout_loops_ring,
          hellmonk_ecumenical_altar_pennies_from_heaven, chequers_avenue
D:2:      layout_basic, uniq_jessica, uniq_crazy_yiuf_cottage
D:3:      layout_rooms, moated_statue

Skill      XL: |  1  2  3  4  5 |
---------------+----------------+-----
Transmutations | 2 3 |  3.0
Spellcasting   | 3 |  3.6
Earth Magic    | 4 |  4.6
Dodging        | |  2.0
Stealth        | |  2.6

Action                   |  1- 3 |  4- 6 || total
-------------------------+-------+-------++-------
Melee: Unarmed           |    47 |       ||    47
       Tentacles         |    18 |     7 ||    25
       Constrict         |    20 |     5 ||    25
       Dagger            |    23 |    26 ||    49
 Cast: Sandblast         |     9 |    27 ||    36
 Stab: Sleeping          |     6 |     3 ||     9
Armor: Skin              |     7 |     2 ||     9
Dodge: Dodged            |    49 |    20 ||    69
